Map: Daybreak LE (Void)

Players

Neuro - Winner!

  • Race: Zerg Zerg
  • League: Grandmaster
  • Spawn Location: 1:00

Snake

  • Race: Zerg Zerg
  • League: Grandmaster
  • Spawn Location: 7:00

VOD

Have the link to the VOD?

Description

Time

  • Played on: Jan. 4, 2017, 11:54 a.m.
  • Length: 7:36
Show
View Real Time Build Order
Export as new Build Order

Neuro Zerg - Winner!

Build Orders: Hatch First 

Get SALT Encoding   

  12  0:01  Drone  
  13  0:13  Overlord  
  13  0:17  Drone  
  14  0:31  Drone x2  
  14  0:34  Drone  
  17  0:52  Hatchery  
  17  0:55  Drone  
  17  0:58  Drone  
  18  1:09  Extractor  
  17  1:14  Spawning Pool  
  17  1:17  Drone  
  17  1:20  Drone  
  18  1:28  Drone  
  19  1:39  Overlord  
  19  2:00  Queen  
  21  2:01  Zergling x4  
  21  2:04  Queen  
  21  2:05  Zergling x2  
  26  2:14  Drone, Metabolic Boost  
  27  2:21  Drone  
  28  2:23  Drone  
  28  2:27  Drone  
  30  2:33  Drone  
  31  2:42  Drone  
  32  2:45  Hatchery  
  32  2:48  Drone  
  32  2:53  Baneling Nest  
  31  2:59  Drone x2  
  32  3:06  Overlord  
  32  3:08  Overlord  
  32  3:17  Zergling x6  
  34  3:21  Zergling x2  
  34  3:25  Zergling x6  
  38  3:30  Zergling x2  
  38  3:33  Zergling x2  
  40  3:36  Queen  
  40  3:39  Zergling x2  
  43  3:41  Baneling x3  
  43  3:43  Zergling x2  
  43  3:46  Zergling x2  
  45  3:50  Zergling x4  
  45  3:54  Zergling x2  
  48  4:04  Baneling x2  
  46  4:15  Zergling x14  
  50  4:20  Baneling  
  48  4:27  Zergling x10  
  46  4:33  Drone  
  46  4:38  Baneling  
  46  4:40  Zergling x6  
  48  4:46  Roach Warren  
  48  4:51  Drone x3  
  50  5:03  Drone x7  
  50  5:07  Overlord  
  57  5:08  Overlord  
  57  5:17  Extractor  
  57  5:19  Overlord  
  56  5:28  Drone x7  
  61  5:47  Roach x6  
  73  5:53  Drone x5  
  78  5:59  Zergling x6  
  81  6:06  Overlord x3  
  80  6:21  Zergling x6  
  80  6:25  Zergling x14  
  89  6:28  Ravager x2  
  89  6:29  Zergling x4  
  89  6:30  Zergling x8  
  97  6:34  Zergling x2  
  97  6:35  Zergling x2  
  92  6:48  Zergling x12  
  95  6:54  Zergling x2  
  95  7:00  Zergling x16  
  95  7:11  Zergling x6  
  91  7:17  Zergling x8  
Show
View Real Time Build Order
Export as new Build Order

Snake Zerg 

Build Orders: Hatch First 

Get SALT Encoding   

  12  0:02  Drone  
  13  0:17  Overlord  
  13  0:22  Drone  
  14  0:41  Drone x3  
  17  0:53  Drone  
  18  0:58  Hatchery  
  17  1:11  Spawning Pool  
  17  1:16  Drone  
  17  1:21  Drone  
  17  1:24  Drone  
  17  1:25  Extractor  
  18  1:35  Drone  
  19  1:45  Overlord  
  19  1:58  Queen  
  21  2:01  Zergling x2  
  22  2:10  Queen  
  22  2:14  Drone x2  
  26  2:19  Drone  
  27  2:23  Drone  
  27  2:24  Metabolic Boost  
  28  2:30  Drone  
  28  2:32  Drone  
  30  2:42  Zergling x2  
  30  2:43  Zergling x2  
  32  2:51  Baneling Nest  
  32  2:52  Drone  
  32  2:53  Drone  
  33  3:04  Baneling Nest  
  33  3:08  Zergling x4  
  33  3:12  Zergling x2, Overlord  
  35  3:22  Overlord  
  36  3:34  Zergling x10  
  36  3:35  Zergling x2  
  40  3:42  Queen x2  
  40  3:43  Zergling x4  
  40  3:46  Drone x2  
  48  3:48  Baneling x3  
  48  3:49  Baneling  
  48  3:51  Drone  
  49  3:59  Drone x2  
  44  4:15  Drone x2  
  45  4:17  Drone  
  45  4:18  Drone x3  
  49  4:28  Drone x2  
  47  4:36  Baneling  
  47  4:37  Baneling x2  
  46  4:38  Drone  
  46  4:39  Drone  
  46  4:41  Extractor  
  46  4:43  Extractor  
  46  4:47  Roach Warren, Lair  
  46  4:48  Drone x3  
  48  4:55  Zergling x6  
  48  4:59  Extractor  
  50  5:01  Drone  
  51  5:08  Overlord  
  51  5:09  Evolution Chamber  
  50  5:19  Overlord  
  50  5:27  Overlord  
  50  5:31  Drone x5, Overlord  
  50  5:35  Hatchery  
  53  5:38  Drone  
  53  5:40  Zerg Missile Weapons Level 1, Drone x2  
  55  5:46  Zergling x4  
  55  5:50  Zergling x2, Roach x2  
  55  5:54  Glial Reconstitution, Zergling x2  
  61  6:03  Roach  
  63  6:05  Baneling x2  
  63  6:12  Zergling x4  
  63  6:13  Zergling x2  
  63  6:15  Baneling x2  
  63  6:17  Roach x4  
  73  6:19  Drone  
  73  6:23  Roach x2  
  78  6:31  Hatchery  
  78  6:32  Roach x2  
  79  6:49  Zergling x2, Roach x2  
  82  6:59  Roach  
  82  7:01  Overlord  
  77  7:11  Roach x3  
  78  7:16  Roach  
Tags
 
Add a new tag
Caveats
  • Supply blocks, unpowered buildings, or Contaminate may cause inaccurate times.
  • Supply counts are checked every 10 seconds.